 Dungeon Crawl Stone Soup version 0.31.0-32-g396128a36d (webtiles) character file.

Game seed: 14473430271350461011

2638201 Hirorubie the Ninja (level 27, 190/190 HPs)
             Began as a Kobold Hunter on Mar 29, 2024.
             Was the Champion of Jiyva.
             Escaped with the Orb
             ... and 4 runes
             ... and 1 gem on Mar 30, 2024!
             The game lasted 05:36:58 (62088 turns).

Hirorubie the Ninja (Kobold Hunter)                Turns: 62088, Time: 05:36:59

Health: 190/190    AC: 39    Str: 17      XL:     27
Magic:  33/33      EV: 52    Int: 12      God:    Jiyva [******]
Gold:   1842       SH: 13    Dex: 38 (40) Spells: 39/45 levels left

rFire   . . .        Y - +6 rapier (holy)
rCold   + . .        V - +2 buckler {AC+3}
rNeg    . . .        c - +5 ring mail {rC+}
rPois   +            M - +2 helmet of Impressiveness {Dex+3}
rElec   +            q - +2 cloak of the Barnacle {*Corrode rElec Int+2 Dex+8}
rCorr   +            g - +2 pair of gloves {Dex+3}
SInv    +            C - +2 pair of boots of Asceticism {Regen+ SInv}
Will    ++...        L - amulet "Ymato" {Regen+ Str+4}
Stlth   ++++++       H - ring of Shadows {Umbra +Inv Stlth+}
HPRegen 3.71/turn    k - ring of Ymaclov {rPois AC+4 Slay+2}
MPRegen 1.03/turn

%: corrode self (3%)
@: wreathed by umbra, studying Unarmed Combat
A: small, no large weapons, nightstalker 3, hooves 2, iridescent scales 2,
clumsy 1, deterioration 1, dopey 1, low MP 1, sense surroundings 2, strong 1,
eyeballs 2, inability to drink after injury 1, inability to read after injury 1,
engulf
0: Orb of Zot
}: 4/15 runes: serpentine, barnacled, slimy, silver
a: Renounce Religion, Evoke Invisibility, Oozemancy, Slimify


You escaped.
You worshipped Jiyva.
Jiyva was exalted by your worship.
You visited 13 branches of the dungeon, and saw 60 of its levels.
You visited 1 bazaar.
You also visited: Gauntlet, Ice Cave and Desolation.

You collected 8012 gold pieces.
You spent 6170 gold pieces at shops.

Inventory:

Hand Weapons
 e - the +9 long sword "Sugoofowk" {venom, Fly Will+ Int+2}
   (You bought it in a shop on level 2 of the Orcish Mines)

   Int+2:     It affects your intelligence (+2).
   Will+:     It increases your willpower.
   Fly:       It grants you flight.
 E - a +9 long sword of freezing
 J - a +4 vampiric rapier
 Y - a +6 rapier of holy wrath (weapon)
Missiles
 s - 2 throwing nets
Armour
 c - a +5 ring mail of cold resistance (worn)
 g - a +2 pair of gloves of dexterity (worn)
 q - the +2 cloak of the Barnacle (worn) {*Corrode rElec Int+2 Dex+8}
   (You acquired it on level 2 of the Lair of Beasts)

   Int+2:     It affects your intelligence (+2).
   Dex+8:     It affects your dexterity (+8).
   rElec:     It insulates you from electricity.
   *Corrode:  It may corrode you when you take damage.
 C - the +2 pair of boots of Asceticism (worn) {Regen+ SInv}
   (You found it on level 2 of the Shoals)

   SInv:      It lets you see invisible.
   Regen+:    It increases your rate of health regeneration.
 M - the +2 helmet of Impressiveness (worn) {Dex+3}
   (You found it in a Gauntlet)

   Dex+3:     It affects your dexterity (+3).
 S - a +5 ring mail of fire resistance
 V - a +2 buckler of protection (worn)
Jewellery
 k - the ring of Ymaclov (right hand) {rPois AC+4 Slay+2}
   (You found it in a Gauntlet)

   [ring of protection]

   AC+4:      It affects your AC (+4).
   Slay+2:    It affects your accuracy & damage with ranged weapons and melee
   (+2).
   rPois:     It protects you from poison
 y - an amulet of reflection
 H - the ring of Shadows (left hand) {Umbra +Inv Stlth+}
   (You found it on level 5 of the Pits of Slime)

   [ring of stealth]

   Umbra:     It surrounds you with an aura of shadow, increasing your stealth
   and reducing the accuracy of all others within it.
   +Inv:      It lets you turn invisible.
   Stlth+:    It makes you more stealthy.
 L - the amulet "Ymato" (around neck) {Regen+ Str+4}
   (You found it in a Gauntlet)

   [amulet of regeneration]

   Str+4:     It affects your strength (+4).
   Regen+:    It increases your rate of health regeneration.
 R - the ring of Tomorrow {rElec rPois Will+ Int-2 Stlth+}
   (You found it in the Desolation of Salt)

   [ring of poison resistance]

   Int-2:     It affects your intelligence (-2).
   rElec:     It insulates you from electricity.
   rPois:     It protects you from poison Will+: It increases your willpower.
   Stlth+:    It makes you more stealthy.
Wands
 r - a wand of mindburst (2)
 u - a wand of polymorph (9)
 v - a wand of iceblast (36)
 x - a wand of digging (12)
 D - a wand of charming (50)
 X - a wand of quicksilver (19)
Scrolls
 b - 5 scrolls of butterflies
 i - 4 scrolls of revelation
 j - 12 scrolls of teleportation
 l - 3 scrolls of brand weapon
 n - 2 scrolls of silence
 o - 6 scrolls of blinking
 N - 6 scrolls of fog
 U - 3 scrolls of immolation
 Z - 4 scrolls of fear
Potions
 a - 3 potions of brilliance
 d - 20 potions of curing
 h - 5 potions of haste
 m - 4 potions of might
 p - 3 potions of ambrosia
 t - 5 potions of cancellation
 z - 6 potions of heal wounds
 A - 5 potions of invisibility
 B - 2 potions of attraction
 F - 4 potions of enlightenment
 G - 2 potions of resistance
 K - 2 potions of mutation
 P - 3 potions of magic
 T - a potion of berserk rage
Miscellaneous
 f - a sack of spiders
 w - a phial of floods
 I - a lightning rod (4/4)
 O - a condenser vane (quivered)
 Q - a phantom mirror


   Skills:
 - Level 24.0 Fighting
 - Level 22.7(25.4) Short Blades
 + Level 13.4(16.4) Long Blades
 - Level 5.3 Ranged Weapons
 - Level 15.0 Armour
 O Level 27 Dodging
 O Level 27 Stealth
 - Level 14.5 Shields
 * Level 9.7 Spellcasting
 * Level 9.6 Translocations
 + Level 8.0 Air Magic
 - Level 19.0 Evocations


You had 39 spell levels left.
You knew the following spells:

 Your Spells              Type           Power      Damage    Failure   Level
a - Blink                 Tloc           56%        N/A       1%          2
b - Vhi's Electric Charg  Tloc/Air       54%        N/A       5%          4

Your spell library contained the following spells:

 Spells                   Type           Power      Damage    Failure   Level
 Lesser Beckoning         Tloc           56%        N/A       1%          2
 Gell's Gravitas          Tloc           28%        N/A       1%          3
 Teleport Other           Tloc           28%        N/A       1%          3
 Momentum Strike          Conj/Tloc      34%        3d8       4%          2
 Passage of Golubria      Tloc           28%        N/A       4%          4
 Static Discharge         Conj/Air       30%        3-5/arc   6%          2
 Airstrike                Air            12%        2d(2-18)  8%          4
 Cigotuvi's Dreadful Rot  Necr/Alch/Air  24%        N/A       11%         2
 Foxfire                  Conj/Fire      20%        2x1d5     22%         1
 Freeze                   Ice            20%        1d4       22%         1
 Magic Dart               Conj           20%        1d4       22%         1
 Necrotise                Necr           20%        1d5       22%         1
 Sandblast                Erth           10%        2d5       22%         1
 Slow                     Hex            20%        N/A       22%         1
 Sting                    Conj/Alch      20%        1d4       22%         1
 Summon Small Mammal      Summ           20%        N/A       22%         1
 Mephitic Cloud           Conj/Alch/Air  12%        N/A       22%         3
 Dimensional Bullseye     Hex/Tloc       8%         N/A       28%         4
 Iskenderun's Mystic Bla  Conj/Tloc      17%        2d5       28%         4
 Call Imp                 Summ           10%        N/A       32%         2
 Sublimation of Blood     Necr           5%         N/A       32%         2
 Summon Lightning Spire   Summ/Air       15%        N/A       38%         4
 Call Canine Familiar     Summ           5%         N/A       54%         3
 Confusing Touch          Hex            5%         N/A       54%         3
 Dazzling Flash           Conj/Hex       10%        N/A       54%         3
 Frozen Ramparts          Ice            10%        1d2       54%         3
 Hailstorm                Conj/Ice       5%         3d5       54%         3
 Inner Flame              Hex/Fire       5%         N/A       54%         3
 Ozocubu's Armour         Ice            5%         N/A       54%         3
 Sigil of Binding         Hex            5%         N/A       54%         3
 Stone Arrow              Conj/Erth      10%        3d7       54%         3
 Tukima's Dance           Hex            5%         N/A       54%         3
 Vampiric Draining        Necr           5%         2d6       54%         3
 Summon Forest            Summ/Tloc      8%         N/A       63%         5
 Arcjolt                  Conj/Air       7%         1d17      75%         5
 Silence                  Hex/Air        7%         N/A       75%         5
 Freezing Cloud           Conj/Ice/Air   6%         6-21      89%         5
 Animate Armour           Summ/Erth      10%        N/A       91%         4
 Brom's Barrelling Bould  Conj/Erth      5%         2d3       91%         4
 Dispel Undead            Necr           5%         3d7       91%         4
 Ignite Poison            Fire/Alch      5%         N/A       91%         4
 Leda's Liquefaction      Alch/Erth      2%         N/A       91%         4
 Martyr's Knell           Necr/Summ      5%         N/A       91%         4
 Petrify                  Alch/Erth      5%         N/A       91%         4
 Summon Blazeheart Golem  Fire/Summ      5%         N/A       91%         4
 Borgnjor's Vile Clutch   Necr/Erth      2%         N/A       99%         5
 Curse of Agony           Necr           5%         N/A       99%         5
 Fireball                 Conj/Fire      2%         3d4       99%         5
 Irradiate                Conj/Alch      2%         3d12      99%         5
 Iskenderun's Battlesphe  Conj           5%         2d6       99%         5
 Lee's Rapid Deconstruct  Erth           2%         3d5*      99%         5
 Metabolic Englaciation   Hex/Ice        2%         N/A       99%         5
 Yara's Violent Unravell  Hex/Alch       2%         3d3       99%         5
 Conjure Ball Lightning   Conj/Air       7%         3x3d6     99%         6
 Plasma Beam              Fire/Air       7%         2x1d18    99%         6
 Death Channel            Necr           2%         N/A       100%        6
 Eringya's Noxious Bog    Alch           2%         4d6       100%        6
 Sculpt Simulacrum        Ice/Alch       2%         N/A       100%        6
 Starburst                Conj/Fire      2%         6d3       100%        6
 Haunt                    Necr/Summ      2%         N/A       100%        7
 Malign Gateway           Summ/Tloc      8%         N/A       100%        7
 Monstrous Menagerie      Summ           2%         N/A       100%        7
 Orb of Destruction       Conj           2%         9d5       100%        7
 Spellforged Servitor     Conj/Summ      2%         N/A       100%        7
 Summon Hydra             Summ           2%         N/A       100%        7
 Borgnjor's Revivificati  Necr           2%         N/A       100%        8
 Ignition                 Fire           2%         3d3       100%        8
 Lehudib's Crystal Spear  Conj/Erth      2%         10d2      100%        8
 Summon Horrible Things   Summ           2%         N/A       100%        8
 Death's Door             Necr           2%         N/A       100%        9


Dungeon Overview and Level Annotations

Branches:
Dungeon (15/15)            Temple (0/1) D:6            Lair (5/5) D:10
 Shoals (4/4) Lair:2        Snake (4/4) Lair:3        Slime (5/5) Lair:4
    Orc (2/2) D:10            Elf (3/3) Orc:2        Vaults (5/5) D:13
  Crypt (3/3) Vaults:2       Tomb (0/3) Crypt:3      Depths (4/4) D:15
   Hell (visited)             Dis (0/7) Hell            Geh (4/7) Hell
    Coc (0/7) Hell            Tar (0/7) Hell            Zot (5/5) Depths:4
  IceCv (visited)         Desolation (visited)      Gauntlet (visited)

Altars:
Ashenzari
Cheibriados
Elyvilon
Fedhas
Gozag
Hepliaklqana
Kikubaaqudgha
Okawaru
Qazlal
Ru
Sif Muna
Wu Jian
Xom
Yredelemnul
The Shining One
Jiyva
Lugonu

Shops:
D:4 *   D:8 *   D:14 (   Orc:2 (*[(!   Elf:2 ?   Shoals:1 ?[:   Snake:1 !
Snake:2 !**:   Snake:3 [=:=   Vaults:2 *   Vaults:3 :   Depths:1 :

Portals:
Hell: Depths:1 Depths:2 Depths:3 Depths:4
Abyss: D:3 Shoals:3 Depths:3 Depths:4
Pandemonium: Depths:2
Ziggurat: Depths:1

Annotations:
Slime:5 Royal Jelly


Innate Abilities, Weirdness & Mutations

You are small and have problems with some larger weapons.
You are completely attuned to the shadows.
You have hoof-like feet.
You are mostly covered in iridescent scales. (AC +4)
You are clumsy. (Dex -2)
Your body sometimes deteriorates upon taking damage.
You are dopey. (Int -2)
Your magical capacity is low. (-10% MP)
You passively map the area around you.
Your muscles are strong. (Str +4, Int/Dex -1)
Your body has grown many eyes which may confuse attackers. (Acc +5)
You occasionally lose the ability to drink potions when taking damage.
You occasionally lose the ability to read scrolls when taking damage.
Your melee attacks may engulf your foes in ooze.


Message History

There is a stone staircase leading up here.
You climb upwards.
There is a stone staircase leading down here.
There is a stone staircase leading up here.
You climb upwards.
There is a stone staircase leading down here.
There is a stone staircase leading up here.
There is a stone staircase leading up here.
You climb upwards.
There is a stone staircase leading down here.
A Hell Sentinel comes into view.
There is a stone staircase leading up here.
You climb upwards.
There is a stone staircase leading down here.
There is a stone staircase leading up here.
You climb upwards.
There is a stone staircase leading down here.
What level of the Dungeon? (default 1, ? - help)
You swap places.
You hear a distant slurping noise.
There is a stone staircase leading up here.
You climb upwards.
There is a stone staircase leading down here.
There is a stone staircase leading up here.
You climb upwards.
There is a stone staircase leading down here.
There is a stone staircase leading up here.
You climb upwards.
There is a stone staircase leading down here.
What level of the Dungeon? (default 1, ? - help)
Okay, then.
Aiming: Dig
Press: ? - help, Shift-Dir - straight line A rock wall.
This square is wreathed by an umbra and is covered in magical glow.
The rock shatters into small pieces.
There is an open door here.
There is a staircase leading out of the dungeon here.
You can't go down here!
You have escaped!

#################.##.######
#..§≈≈§§...# ♣♣#♣.##.#
###..§.......#♣♣.'..##.#
.8#....§≈....#♣.♣#..##.#
..'[.........#♣.♣#.###.#
..'..........'.♣♣#.# #.#
..'..........#####'# #.#
.8#....~~....#.....###.#
###..........#..@..##..# #
#...~~~~...#.....#..## #
##################.## #
#####...........# #
#.....########### # #.....#
# #.....# #####....##
#........#


There were no monsters in sight!

Vanquished Creatures
  Frederick (Vaults:2)
  4 ancient liches
  10 dread liches
  10 orbs of fire
  Mara (Vaults:4)
  Boris (twice) (Vaults:5 Crypt:1)
  Vv (Zot:1)
  2 Killer Klowns (Zot:5)
  Bai Suzhen (Shoals:3)
  Margery (Crypt:3)
  A curse toe (Zot:3)
  Nikola (Lair:2)
  Geryon (Hell)
  9 golden dragons
  4 caustic shrikes (Depths:4)
  2 electric golems
  2 bone dragons
  Zenata (Vaults:1)
  3 Brimstone Fiends (Geh:1)
  5 hellephants
  A Hell Sentinel (Geh:1)
  11 tentacled monstrosities
  25 Orb Guardians (Zot:5)
  5 searing wretches
  A deep elf master archer (Elf:3)
  Asterion (Vaults:1)
  3 liches
  6 quicksilver dragons
  9 sphinxes
  6 titans
  2 deep elf blademasters (Elf:3)
  6 death cobs
  Polyphemus (Shoals:3)
  7 ancient champions
  Roxanne (Shoals:3)
  2 tengu reavers (Vaults:5)
  Kirke (D:14)
  5 nagarajas
  17 fire giants
  8 shadow dragons
  Aizul (Lair:2)
  2 revenants
  14 storm dragons
  6 draconian knights
  3 draconian monks
  8 draconian shifters
  4 protean progenitors
  4 deep elf sorcerers (Elf:3)
  11 balrugs
  4 iron dragons
  A ghost moth (Zot:4)
  7 draconian scorchers
  3 imperial myrmidons (Desolation)
  A curse skull (Crypt:2)
  3 deep elf elementalists (Elf:3)
  An orc warlord (Vaults:2)
  3 draconian stormcallers
  16 vault wardens
  12 frost giants
  Louise (Shoals:2)
  The ghost of jimmypageman the Fencer, a journeyman MiFi of Okawaru (Orc:2)
  5 draconian annihilators
  5 ghouls
  4 spriggan defenders
  7 reapers
  12 very ugly things
  16 stone giants
  16 ironbound preservers
  3 ironbound thunderhulks
  2 broodmothers (Zot:1)
  8 green draconians
  A putrid mouth (Hell)
  4 deep elf demonologists (Elf:3)
  6 deep elf annihilators
  8 vampire knights
  7 yellow draconians
  11 black draconians
  2 bunyips (Zot:3)
  13 deep elf death magi
  9 white draconians
  5 war gargoyles
  15 purple draconians
  12 red draconians
  13 dire elephants
  Azrael (Snake:1)
  3 spark wasps (Depths:4)
  A minotaur (Gauntlet)
  3 crystal guardians
  4 merfolk javelineers
  11 eidola
  A quicksilver dragon zombie (Crypt:3)
  2 blizzard demons
  A green death (Depths:2)
  A mummy priest (Crypt:3)
  11 merfolk impalers
  13 ettins
  6 ragged hierophants (Desolation)
  9 deep elf high priests
  3 jiangshi (Crypt:1)
  10 fire dragons
  3 entropy weavers
  4 spriggan zombies
  3 rakshasas
  9 yaktaur captains
  The ghost of MiniGinger the Basher, a journeyman AtFi of Qazlal (D:10)
  7 servants of whispers (Desolation)
  12 ice dragons
  2 hell beasts
  Erolcha (D:10)
  36 vault guards
  A quicksilver dragon skeleton (Crypt:3)
  11 peacekeepers
  A sphinx zombie (Vaults:4)
  5 salamander tyrants
  4 spriggan air magi
  6 hydras
  7 ironbound frosthearts
  An ogre mage (Vaults:3)
  3 merfolk avatars
  2 death knights (Crypt:1)
  3 boulder beetles
  A stoker (Geh:3)
  A catoblepas (Shoals:3)
  24 dancing weapons
  7 satyrs
  7 two-headed ogres
  10 deep troll shamans
  10 merfolk aquamancers
  10 anacondas
  2 vampire magi (Crypt:1)
  6 centaur warriors
  17 hell hogs
  An alligator snapping turtle (Shoals:4)
  19 naga warriors
  14 tengu warriors
  18 deep troll earth magi
  An orc high priest (Orc:2)
  10 death yaks
  An occultist (Depths:1)
  A sphinx skeleton (Depths:2)
  8 naga sharpshooters
  12 soul eaters
  Nergalle (D:10)
  6 spriggan berserkers
  2 shock serpents
  25 deep elf knights
  A titan skeleton (Vaults:5)
  10 hell knights
  9 sun demons
  28 skeletal warriors
  17 iron trolls
  A bunyip zombie (Crypt:3)
  A golden dragon zombie (Depths:2)
  3 skysharks
  7 salamander mystics
  11 sea snakes
  6 flayed ghosts
  2 anaconda zombies
  6 mana vipers
  A bunyip skeleton (Hell)
  10 naga ritualists
  A death drake (Depths:2)
  7 arcanists
  72 deep trolls
  22 ironbound convokers
  An anaconda skeleton (Hell)
  A bog body (Crypt:2)
  30 harpies
  18 necromancers
  16 deep elf archers
  2 iron dragon zombies (Crypt:3)
  19 phantasmal warriors
  33 deep elf zephyrmancers
  33 deep elf pyromancers
  4 lindwurms
  An oklob plant (Lair:3)
  An orc sorcerer (Orc:2)
  48 ugly things
  11 orc knights
  10 fauns
  2 tengu skeletons (Vaults:1)
  2 stone giant zombies
  An alligator skeleton (Crypt:3)
  2 shadow dragon skeletons (Crypt:3)
  6 cyclopes
  13 manticores
  33 moths of wrath
  A kobold blastminer (Orc:1)
  A fire giant skeleton (Depths:2)
  11 salamanders
  13 elephants
  3 water nymphs
  5 merfolk sirens
  6 guardian serpents
  10 rust devils
  4 apocalypse crabs
  58 black mambas
  A dire elephant zombie (Crypt:3)
  12 vault sentinels
  4 naga zombies
  An ice statue (IceCv)
  5 large abominations
  21 cane toads
  A gargoyle (Desolation)
  20 naga magi
  11 smoke demons
  A cane toad (shapeshifter) (D:10)
  A centaur skeleton (Crypt:3)
  10 molten gargoyles
  A yaktaur zombie (Vaults:1)
  A white draconian zombie (Crypt:1)
  Jeremiah (D:7)
  4 rime drakes
  3 hellions
  6 tengu conjurers
  An efreet (D:13)
  6 freezing wraiths
  2 spectral nagas (Snake:3)
  A tormentor (Geh:1)
  2 anaconda simulacra (Hell)
  A pale draconian skeleton (Crypt:2)
  11 komodo dragons
  2 hydra zombies
  22 yaktaurs
  2 kobold demonologists
  2 guardian mummies (Crypt:3)
  A yaktaur skeleton (Vaults:1)
  2 human skeletons
  8 trolls
  An unseen horror skeleton (Crypt:2)
  4 polar bears
  9 merfolk
  11 wind drakes
  A tarantella (Vaults:1)
  3 tyrant leeches (Lair:5)
  13 hellwings (Crypt:3)
  A hydra skeleton (Hell)
  10 hornets
  50 saltlings
  26 blink frogs
  An alligator simulacrum (Hell)
  A harpy skeleton (Crypt:3)
  12 snapping turtles
  12 dream sheep
  6 spriggan skeletons
  5 wyverns
  7 spriggans
  4 shadows
  11 air elementals
  An ushabti (Crypt:3)
  A vampire (D:13)
  26 water elementals
  10 wraiths
  3 fire elementals
  39 yaks
  2 fire bats (Depths:3)
  2 steam dragons
  4 basilisks
  4 redbacks
  A steam dragon (shapeshifter) (D:15)
  Grum (Lair:1)
  6 vampire mosquitoes
  5 wargs
  A sea snake simulacrum (Hell)
  Menkaure (D:5)
  4 neqoxecs
  A death yak simulacrum (IceCv)
  A spatial vortex (Shoals:3)
  4 acid dragons
  30 nagas
  2 hydra simulacra (Hell)
  2 glowing shapeshifter skeletons (Vaults:5)
  6 hell hounds
  A deep troll zombie (Crypt:3)
  14 water moccasins
  14 orc warriors
  2 ice beasts
  A sky beast (D:7)
  3 black bears
  25 laughing skulls
  A black bear (shapeshifter) (D:14)
  A human zombie (Vaults:4)
  A merfolk zombie (Shoals:3)
  3 boggarts (Vaults:2)
  10 ogres
  16 centaurs
  14 wolves
  A draconian zombie (Crypt:2)
  Blork the orc (D:5)
  A kobold brigand (D:9)
  2 phantoms
  A rime drake skeleton (Crypt:1)
  10 bullfrogs
  3 necrophages
  An earth elemental (Elf:1)
  A scorpion (D:5)
  8 wights
  9 wyvern skeletons (Crypt:3)
  2 electric eels
  3 centaur zombies
  4 quasits (Orc:2)
  2 bombardier beetles
  A black bear zombie (Crypt:2)
  5 orc priests
  5 hounds
  2 iguanas (D:5)
  A sleepcap (D:7)
  A black bear skeleton (Crypt:2)
  10 orc wizards
  A boggart skeleton (Crypt:1)
  9 adders
  3 gnolls (D:8)
  A steam dragon skeleton (Crypt:1)
  A dart slug (D:1)
  3 ribbon worms
  41 orcs
  9 ball pythons
  9 bats
  3 endoplasms (D:1)
  2 giant cockroaches
  4 goblins
  3 hobgoblins
  4 jackals
  17 kobolds
  3 quokkas
  An endoplasm zombie (Crypt:2)
  4 frilled lizards
  A jackal zombie (Crypt:1)
  8 rats
  An aspiring flesh (Zot:3)
  A spectral weapon (Vaults:1)
2321 creatures vanquished.

Vanquished Creatures (collateral kills)
  A dread lich (Geh:1)
  2 Brimstone Fiends (Geh:1)
  An Orb Guardian (Depths:4)
  A tentacled monstrosity (Depths:2)
  A lich (Depths:3)
  A walking crystal tome (Depths:3)
  The ghost of Kehia the Scorcher, an adept DrWn of Okawaru (Shoals:2)
  An ettin (Depths:2)
  Josephine (D:13)
  An ice dragon (Depths:2)
  A two-headed ogre (Orc:2)
  A death yak (D:10)
  2 naga warriors (Snake:4)
  A naga sharpshooter (Snake:4)
  A flayed ghost (Depths:3)
  A deep troll (Depths:2)
  A deep elf zephyrmancer (Elf:1)
  3 orc knights (Orc:2)
  3 ugly things
  2 naga magi (Snake:4)
  An ice statue (IceCv)
  3 tormentors
  A merfolk (Shoals:1)
  A water elemental (Shoals:2)
  2 yaks (D:10)
  A wraith (D:13)
  A death yak simulacrum (IceCv)
  3 nagas (Snake:4)
  3 hell rats (D:10)
  A wolf simulacrum (IceCv)
  A river rat (D:10)
  An orc (Orc:2)
  A rat (D:10)
47 creatures vanquished.

Vanquished Creatures (others)
  A tentacled monstrosity (Vaults:5)
  A fire giant (Geh:2)
  2 deep elf death magi
  12 great orbs of eyes
  A yaktaur captain (Vaults:1)
  A deep elf high priest (Elf:3)
  An ogre mage (Vaults:5)
  2 two-headed ogres
  A naga sharpshooter (Snake:4)
  3 deep elf knights (Elf:2)
  An arcanist (D:14)
  A death drake (shapeshifter) (Elf:3)
  2 glowing orange brains
  2 ironbound convokers
  A shining eye (Shoals:3)
  A deep elf pyromancer (D:12)
  3 deep elf zephyrmancers
  2 glass eyes
  A cyclops (D:13)
  A moth of wrath (shapeshifter) (Vaults:5)
  2 black mambas
  A vault sentinel (Vaults:3)
  A torpor snail (shapeshifter) (Vaults:5)
  An unseen horror (D:12)
  2 yaktaurs (Vaults:1)
  A freezing wraith (Vaults:4)
  3 merfolk
  A blink frog (Lair:5)
  15 slime creatures
  A water elemental (Elf:3)
  5 humans (D:14)
  A yak (D:9)
  A vampire mosquito (Lair:5)
  2 steam dragons
  A swamp worm (shapeshifter) (Depths:3)
  A water moccasin (D:5)
  A wolf (Lair:5)
  2 phantoms
  4 bullfrogs
  A wyvern skeleton (Crypt:3)
  A wight (Crypt:1)
  A spriggan skeleton (Crypt:3)
  386 jellies
  A gnoll (D:8)
  3 adders
  6 orcs
  A bat (D:3)
  6 endoplasms
  A giant cockroach (D:3)
  3 goblins
  A hobgoblin (D:2)
  3 jackals
  4 kobolds (D:3)
  2 ball pythons
  A quokka skeleton (Crypt:1)
  A creeping inferno (Geh:1)
  2 spectral weapons (Vaults:5)
510 creatures vanquished.

Grand Total: 2878 creatures vanquished

Notes
Turn   | Place    | Note
-------+----------+-------------------------------------------
     0 | D:1      | Hirorubie the Kobold Hunter began the quest for the Orb.
     0 | D:1      | Reached XP level 1. HP: 12/12 MP: 1/1
   142 | D:1      | Reached XP level 2. HP: 14/18 MP: 2/2
   255 | D:1      | Reached skill level 1 in Short Blades
   406 | D:1      | Reached XP level 3. HP: 23/23 MP: 3/3
   616 | D:1      | Found a faded altar of an unknown god.
   621 | D:1      | Got Plato's Secrets of the Gathering
   622 | D:1      | Prayed at the altar of an unknown god.
   622 | D:1      | Became a worshipper of Jiyva Jidypn the Shapeless
   622 | D:1      | Reached * piety under Jiyva
   968 | D:2      | Reached ** piety under Jiyva
  1012 | D:2      | Reached XP level 4. HP: 26/28 MP: 4/4
  1625 | D:3      | Reached *** piety under Jiyva
  1660 | D:3      | Found a snail-covered altar of Cheibriados.
  1714 | D:3      | Found a one-way gate to the infinite horrors of the Abyss.
  1737 | D:3      | Found a large runed translucent door.
  1737 | D:3      | Found a large runed translucent door.
  1747 | D:3      | Noticed a phantom
  1868 | D:3      | Reached XP level 5. HP: 29/32 MP: 5/5
  1913 | D:3      | Found a broken altar of Ashenzari.
  1920 | D:3      | Reached skill level 5 in Short Blades
  2012 | D:3      | Gained mutation: You have a small jelly attached to you
                  | that senses nearby items. [Jiyva's grace]
  2012 | D:3      | Gained mutation: Your system is resistant to poisons.
                  | (rPois) [Jiyva's grace]
  2012 | D:3      | Gained mutation: You have supernaturally acute eyesight.
                  | (SInv) [Jiyva's grace]
  2012 | D:3      | Gained mutation: You are covered in slimy tendrils that may
                  | disarm your opponents. [Jiyva's grace]
  2232 | D:3      | Killed a phantom
  2418 | D:3      | Found a corrupted altar of Lugonu.
  2559 | D:4      | Found Kyejyade's Assorted Antiques.
  2709 | D:4      | Noticed an ogre
  2716 | D:4      | Killed an ogre
  2717 | D:4      | Reached skill level 1 in Evocations
  2717 | D:4      | Reached XP level 6. HP: 37/37 MP: 6/6
  2813 | D:4      | Found an ornate altar of the Wu Jian Council.
  2874 | D:4      | Reached **** piety under Jiyva
  3043 | D:5      | Entered Level 5 of the Dungeon
  3071 | D:5      | Noticed Menkaure
  3098 | D:5      | Killed Menkaure
  3099 | D:5      | Reached skill level 5 in Stealth
  3099 | D:5      | Reached XP level 7. HP: 25/41 MP: 3/7
  3307 | D:5      | Noticed Blork the orc
  3309 | D:5      | Noticed a water moccasin
  3312 | D:5      | Killed a water moccasin
  3313 | D:5      | Reached XP level 8. HP: 32/48 MP: 5/8
  3315 | D:5      | Killed Blork the orc
  3316 | D:5      | Reached skill level 1 in Armour
  3814 | D:6      | Found an iron altar of Okawaru.
  3853 | D:6      | Found a staircase to the Ecumenical Temple.
  3903 | D:6      | Noticed a wyvern
  3957 | D:6      | Killed a wyvern
  3973 | D:6      | Found an ancient bone altar of Kikubaaqudgha.
  4058 | D:6      | Lost mutation: You are covered in slimy tendrils that may
                  | disarm your opponents. [Jiyva's grace]
  4058 | D:6      | Gained mutation: You have sharp toenails. [Jiyva's grace]
  4058 | D:6      | Gained mutation: You have razor-sharp toenails. [Jiyva's
                  | grace]
  4058 | D:6      | Gained mutation: You have claws for feet. [Jiyva's grace]
  4058 | D:6      | Gained mutation: Your spells are a little harder to cast,
                  | but a little more powerful. [Jiyva's grace]
  4098 | D:6      | Found a blossoming altar of Fedhas.
  4203 | D:6      | Reached XP level 9. HP: 52/52 MP: 9/9
  4366 | D:7      | Noticed a two-headed ogre
  4427 | D:6      | Reached skill level 10 in Short Blades
  4466 | D:7      | Killed a two-headed ogre
  4467 | D:7      | Reached skill level 5 in Fighting
  4537 | D:7      | Found a shimmering altar of Xom.
  5140 | D:7      | Reached XP level 10. HP: 48/60 MP: 10/10
  5298 | D:8      | Found Gozag's Platinum Reserve.
  5304 | D:8      | Found an opulent altar of Gozag.
  5434 | D:8      | Found a glowing golden altar of the Shining One.
  5541 | D:8      | Reached skill level 10 in Stealth
  6265 | D:9      | Reached skill level 5 in Evocations
  6351 | D:9      | Reached skill level 1 in Long Blades
  6616 | D:9      | Reached ***** piety under Jiyva
  6756 | D:9      | Found a basalt altar of Yredelemnul.
  6961 | D:9      | Noticed a two-headed ogre
  6966 | D:9      | Killed a two-headed ogre
  6967 | D:9      | Reached XP level 11. HP: 67/67 MP: 11/11
  6985 | D:9      | Lost mutation: You have claws for feet. [Jiyva's grace]
  6985 | D:9      | Lost mutation: Your system is resistant to poisons. (rPois)
                  | [Jiyva's grace]
  6985 | D:9      | Gained mutation: You possess an exceptional clarity of
                  | mind. [Jiyva's grace]
  6985 | D:9      | Gained mutation: You are strong-willed. (Will+) [Jiyva's
                  | grace]
  6985 | D:9      | Gained mutation: You are highly strong-willed. (Will++)
                  | [Jiyva's grace]
  6985 | D:9      | Gained mutation: You are extremely strong-willed. (Will+++)
                  | [Jiyva's grace]
  7025 | D:9      | Reached skill level 5 in Long Blades
  7286 | D:10     | Entered Level 10 of the Dungeon
  7558 | D:10     | Found a staircase to the Lair.
  7560 | D:10     | Noticed a death yak
  7567 | D:10     | Killed a death yak
  7568 | D:10     | Noticed a death yak
  7568 | D:10     | Noticed a death yak
  7573 | D:10     | Killed a death yak
  7578 | D:10     | Killed a death yak
  7728 | D:10     | Found a shimmering blue altar of Sif Muna.
  7857 | D:10     | Found a staircase to the Orcish Mines.
  7866 | D:10     | Noticed a cyclops
  7880 | D:10     | Noticed a cyclops
  7907 | D:10     | Found a runed translucent gate.
  7907 | D:10     | Found a runed translucent gate.
  7907 | D:10     | Found a runed translucent gate.
  7913 | D:10     | Noticed Erolcha
  7915 | D:10     | Noticed a harpy
  7918 | D:10     | Noticed MiniGinger's ghost (journeyman AtFi)
  7922 | D:10     | Killed Erolcha
  7998 | D:10     | Noticed a death drake
  8001 | D:10     | Noticed a harpy
  8144 | D:10     | Noticed Nergalle
  8149 | D:10     | Killed Nergalle
  8196 | D:10     | Noticed an entropy weaver
  8303 | D:7      | Noticed Jeremiah
  8347 | D:7      | Killed Jeremiah
  8391 | D:4      | Bought an orange potion for 18 gold pieces
  8391 | D:4      | Bought 2 dark potions for 37 gold pieces
  8391 | D:4      | Bought a scroll of teleportation for 63 gold pieces
  8391 | D:4      | Bought a fizzy yellow potion for 18 gold pieces
  8391 | D:4      | Bought a potion of curing for 63 gold pieces
  8391 | D:4      | Bought a scroll of identify for 42 gold pieces
  8683 | D:11     | Reached XP level 12. HP: 63/67 MP: 12/12
  9321 | D:12     | Found a gate leading to a gauntlet.
  9327 | Gauntlet | Entered a Gauntlet
  9327 | Gauntlet | Found a transporter.
  9327 | Gauntlet | Found a transporter.
  9338 | Gauntlet | Found a transporter.
  9343 | Gauntlet | Lost mutation: You have razor-sharp toenails. [Jiyva's
                  | grace]
  9343 | Gauntlet | Lost mutation: You have sharp toenails. [Jiyva's grace]
  9343 | Gauntlet | Lost mutation: You possess an exceptional clarity of mind.
                  | [Jiyva's grace]
  9343 | Gauntlet | Lost mutation: You are extremely strong-willed. (Will+++)
                  | [Jiyva's grace]
  9343 | Gauntlet | Lost mutation: Your spells are a little harder to cast, but
                  | a little more powerful. [Jiyva's grace]
  9343 | Gauntlet | Gained mutation: Your body has grown eyes which may confuse
                  | attackers. (Acc +3) [Jiyva's grace]
  9343 | Gauntlet | Gained mutation: Your body has grown many eyes which may
                  | confuse attackers. (Acc +5) [Jiyva's grace]
  9343 | Gauntlet | Gained mutation: Your body is covered in eyes which may
                  | confuse attackers. (Acc +7, SInv) [Jiyva's grace]
  9343 | Gauntlet | Gained mutation: You have a pair of small horns on your
                  | head. [Jiyva's grace]
  9375 | Gauntlet | Found a transporter.
  9384 | Gauntlet | Found a transporter.
  9407 | Gauntlet | Found a transporter.
  9417 | Gauntlet | Found a transporter.
  9512 | Gauntlet | Found a transporter.
  9520 | Gauntlet | Found a transporter.
  9524 | Gauntlet | Found a large runed translucent door.
  9524 | Gauntlet | Found a large runed translucent door.
  9525 | Gauntlet | Found a large runed translucent door.
  9525 | Gauntlet | Found a large runed translucent door.
  9526 | Gauntlet | Found a large runed translucent door.
  9526 | Gauntlet | Found a large runed translucent door.
  9526 | Gauntlet | Found a runed translucent door.
  9526 | Gauntlet | Found a runed translucent door.
  9529 | Gauntlet | Found a large runed translucent door.
  9530 | Gauntlet | Found a large runed translucent door.
  9531 | Gauntlet | Found a large runed translucent door.
  9531 | Gauntlet | Found a large runed translucent door.
  9533 | Gauntlet | Noticed a quicksilver ooze
  9540 | Gauntlet | Found a runed translucent gate.
  9541 | Gauntlet | Found a transporter.
  9541 | Gauntlet | Found a runed translucent gate.
  9542 | Gauntlet | Found a runed translucent gate.
  9551 | Gauntlet | Found a transporter.
  9648 | Gauntlet | Paralysed by a hornet for 1 turns
  9667 | Gauntlet | Identified the ring of Ymaclov {rPois AC+4 Slay+2}
  9693 | Gauntlet | Found a large runed translucent door.
  9693 | Gauntlet | Found a large runed translucent door.
  9711 | Gauntlet | Found a large runed translucent door.
  9711 | Gauntlet | Found a large runed translucent door.
  9712 | Gauntlet | Found a large runed translucent door.
  9721 | Gauntlet | Identified the amulet "Ymato" {Regen+ Str+4}
  9734 | Gauntlet | Found a large runed translucent door.
  9751 | Gauntlet | Found a transporter.
  9772 | Gauntlet | Found a transporter.
  9785 | Gauntlet | Identified the +2 helmet of Impressiveness {Dex+3}
  9807 | Gauntlet | Identified the +10 trident "Dianucof" {flame, rElec rF+++}
  9807 | Gauntlet | Identified the ring of Bywyn {Fire MP+9}
  9807 | Gauntlet | Noticed a minotaur
  9808 | Gauntlet | Found the +4 robe of Folly {Brill Will-∞ Int+8}
  9815 | Gauntlet | Killed a minotaur
  9816 | Gauntlet | Reached skill level 10 in Long Blades
  9826 | Gauntlet | Identified the -2 hat "Eneas" {*Corrode rN+ Str+5}
  9827 | Gauntlet | Got the Atlas of the Unicorn
  9830 | Gauntlet | Identified the +1 dagger of Kimy {vamp, rCorr Str+5 Dex+2}
 10236 | D:12     | Noticed a two-headed ogre
 10244 | D:12     | Killed a two-headed ogre
 10446 | D:12     | Reached ****** piety under Jiyva
 10589 | D:13     | Noticed a two-headed ogre
 10592 | D:13     | Killed a two-headed ogre
 10658 | D:13     | You fall into a shaft and drop 1 floor!
 10689 | D:14     | Noticed Kirke
 10706 | D:13     | Noticed a six-headed hydra
 10715 | D:13     | Killed a one-headed hydra
 10716 | D:13     | Reached XP level 13. HP: 65/78 MP: 13/13
 10911 | D:13     | Noticed a centaur warrior
 10917 | D:13     | Killed a centaur warrior
 10949 | D:13     | Noticed Josephine
 10964 | D:13     | Killed Josephine
 11081 | D:13     | Lost mutation: You have a pair of small horns on your head.
                  | [Jiyva's grace]
 11081 | D:13     | Lost mutation: You are highly strong-willed. (Will++)
                  | [Jiyva's grace]
 11081 | D:13     | Gained mutation: You have very sharp teeth. [Jiyva's grace]
 11081 | D:13     | Gained mutation: You have extremely sharp teeth. [Jiyva's
                  | grace]
 11081 | D:13     | Gained mutation: You have razor-sharp teeth. [Jiyva's
                  | grace]
 11081 | D:13     | Gained mutation: Your muscles are strong. (Str +4, Int/Dex
                  | -1) [Jiyva's grace]
 11225 | D:13     | Found a gate to the Vaults.
 11226 | D:13     | Noticed a vault guard
 11237 | D:13     | Killed a vault guard
 11609 | Lair:1   | Entered Level 1 of the Lair of Beasts
 12097 | Lair:1   | Noticed Grum
 12104 | Lair:1   | Killed Grum
 12642 | Lair:2   | Learned a level 2 spell: Blink
 12826 | Lair:2   | Lost mutation: You have razor-sharp teeth. [Jiyva's grace]
 12826 | Lair:2   | Lost mutation: Your body is covered in eyes which may
                  | confuse attackers. (Acc +7, SInv) [Jiyva's grace]
 12826 | Lair:2   | Gained mutation: Your translucent skin slightly reduces
                  | your foes' accuracy. (Stealth+) [Jiyva's grace]
 12826 | Lair:2   | Gained mutation: Your translucent skin reduces your foes'
                  | accuracy. (Stealth+) [Jiyva's grace]
 12826 | Lair:2   | Gained mutation: Your transparent skin significantly
                  | reduces your foes' accuracy. (Stealth+) [Jiyva's grace]
 12826 | Lair:2   | Gained mutation: You are partially covered in iridescent
                  | scales. (AC +2) [Jiyva's grace]
 12980 | Lair:2   | Found a staircase to the Shoals.
 12990 | Lair:2   | Identified the +3 plate armour "Pyrhoig" {rC+ rN++ rCorr
                  | Str-4}
 13463 | Lair:3   | Reached XP level 14. HP: 81/84 MP: 14/14
 14032 | Lair:3   | Found a staircase to the Snake Pit.
 14457 | Lair:4   | Found a staircase to the Slime Pits.
 14665 | Lair:4   | Reached skill level 10 in Dodging
 14669 | Lair:4   | Lost mutation: You have extremely sharp teeth. [Jiyva's
                  | grace]
 14669 | Lair:4   | Lost mutation: You are partially covered in iridescent
                  | scales. (AC +2) [Jiyva's grace]
 14669 | Lair:4   | Lost mutation: You have supernaturally acute eyesight.
                  | (SInv) [Jiyva's grace]
 14669 | Lair:4   | Lost mutation: You are strong-willed. (Will+) [Jiyva's
                  | grace]
 14669 | Lair:4   | Lost mutation: Your muscles are strong. (Str +4, Int/Dex
                  | -1) [Jiyva's grace]
 14669 | Lair:4   | Lost mutation: Your body has grown many eyes which may
                  | confuse attackers. (Acc +5) [Jiyva's grace]
 14669 | Lair:4   | Gained mutation: You passively dampen the noise of your
                  | surroundings. [Jiyva's grace]
 14669 | Lair:4   | Gained mutation: You are agile. (Dex +4, Str/Int -1)
                  | [Jiyva's grace]
 14669 | Lair:4   | Gained mutation: You are very agile. (Dex +8, Str/Int -2)
                  | [Jiyva's grace]
 14669 | Lair:4   | Gained mutation: You are partially covered in iridescent
                  | scales. (AC +2) [Jiyva's grace]
 14840 | Lair:4   | Found a viscous altar of Jiyva.
 15105 | Slime:1  | Entered Level 1 of the Pits of Slime
 15108 | Slime:1  | Noticed a rockslime
 15167 | Slime:4  | Noticed an azure jelly
 15170 | Slime:5  | Entered Level 5 of the Pits of Slime
 15178 | Slime:5  | Noticed an acid blob
 15194 | Slime:5  | Noticed an acid blob
 15295 | Slime:5  | Noticed an azure jelly
 15348 | Slime:5  | Found a viscous altar of Jiyva.
 15353 | Slime:5  | Noticed an acid blob
 15356 | Slime:5  | Got a starry gem with 351 turns to spare
 15360 | Slime:5  | Got a slimy rune of Zot
 15372 | Slime:5  | Noticed the Royal Jelly
 15379 | Slime:5  | Identified the +3 eveningstar "Hyxutero" {flame, rN++}
 15395 | Slime:5  | Noticed a rockslime
 15400 | Slime:5  | Noticed an azure jelly
 15435 | Slime:5  | Noticed an acid blob
 15439 | Slime:5  | Noticed an acid blob
 15443 | Slime:5  | Noticed a quicksilver ooze
 15446 | Slime:5  | Noticed a quicksilver ooze
 15465 | Slime:5  | Noticed an acid blob
 15484 | Slime:5  | Identified the +3 quarterstaff of Pitasukh {holy, rCorr
                  | Dex+2}
 15503 | Slime:5  | Found the ring of Shadows {Umbra +Inv Stlth+}
 15515 | Slime:5  | Identified the +4 hand axe of True Grit {freeze, Will+
                  | Stlth+}
 15549 | Slime:5  | Noticed a rockslime
 15565 | Slime:5  | Noticed an acid blob
 15592 | Slime:5  | Noticed an acid blob
 15953 | Slime:5  | Noticed a rockslime
 15955 | Slime:5  | Noticed a rockslime
 15958 | Slime:5  | Noticed an azure jelly
 16171 | Lair:5   | Entered Level 5 of the Lair of Beasts
 16266 | Lair:5   | Reached skill level 10 in Fighting
 16517 | Lair:5   | Reached XP level 15. HP: 92/92 MP: 15/15
 16681 | Lair:5   | Identified the death talisman of Patterns {Stlth+}
 17011 | Lair:5   | Reached skill level 10 in Evocations
 17014 | Lair:5   | Reached skill level 5 in Armour
 17689 | Orc:1    | Entered Level 1 of the Orcish Mines
 17780 | Orc:1    | Found a frozen archway.
 17786 | IceCv    | Entered an ice cave
 17801 | IceCv    | Found a transporter.
 17807 | IceCv    | Got Dispater's Octavo of United Confrontation
 17816 | IceCv    | Found a transporter.
 17987 | Orc:2    | Entered Level 2 of the Orcish Mines
 18013 | Orc:2    | Found Toxkonwi's Distillery.
 18025 | Orc:2    | Lost mutation: Your transparent skin significantly reduces
                  | your foes' accuracy. (Stealth+) [Jiyva's grace]
 18025 | Orc:2    | Lost mutation: Your translucent skin reduces your foes'
                  | accuracy. (Stealth+) [Jiyva's grace]
 18025 | Orc:2    | Lost mutation: You have a small jelly attached to you that
                  | senses nearby items. [Jiyva's grace]
 18025 | Orc:2    | Lost mutation: You passively dampen the noise of your
                  | surroundings. [Jiyva's grace]
 18025 | Orc:2    | Gained mutation: Your system is resistant to poisons.
                  | (rPois) [Jiyva's grace]
 18025 | Orc:2    | Gained mutation: Your rubbery body absorbs attacks. (AC +1,
                  | EV +1) [Jiyva's grace]
 18025 | Orc:2    | Gained mutation: Your pliable body absorbs attacks. (AC +2,
                  | EV +2) [Jiyva's grace]
 18025 | Orc:2    | Gained mutation: Your gelatinous body deflects attacks. (AC
                  | +3, EV +3) [Jiyva's grace]
 18053 | Orc:2    | Found a staircase to the Elven Halls.
 18090 | Orc:2    | Found a transporter.
 18137 | Orc:2    | Paralysed by an orc sorcerer for 5 turns
 18167 | Orc:2    | Found Henucwog's Antique Weapon Boutique.
 18187 | Orc:2    | Bought a masterwork long sword for 229 gold pieces
 18187 | Orc:2    | Identified the +9 long sword "Sugoofowk" {venom, Fly Will+
                  | Int+2} (You bought it in a shop on level 2 of the Orcish
                  | Mines)
 18242 | Orc:2    | Found Buos's Weapon Shoppe.
 18242 | Orc:2    | Found Riuceomi's Assorted Antiques.
 18251 | Orc:2    | Bought a ruby potion for 18 gold pieces
 18269 | Orc:2    | Found Gerofi's Armour Shoppe.
 18446 | Orc:2    | Found a transporter.
 18449 | Orc:2    | Noticed jimmypageman's ghost (journeyman MiFi)
 18542 | Orc:2    | Killed jimmypageman's ghost
 18543 | Orc:2    | Reached skill level 15 in Stealth
 18567 | Orc:2    | Got the ring "Qotocegu" {rN+ MP+9 Int+6 Dex+2}
 18874 | Orc:2    | Bought a potion of heal wounds for 65 gold pieces
 18874 | Orc:2    | Bought a potion of heal wounds for 65 gold pieces
 18874 | Orc:2    | Bought a potion of invisibility for 104 gold pieces
 18874 | Orc:2    | Bought a potion of heal wounds for 65 gold pieces
 18953 | Orc:2    | Bought a scroll of blinking for 157 gold pieces
 18972 | Orc:2    | Bought a +2 cloak of poison resistance for 314 gold pieces
 19120 | D:14     | Found Jaar's Weapon Emporium.
 19267 | D:14     | Noticed a sphinx
 19273 | D:14     | Killed Kirke
 19274 | D:14     | Reached XP level 16. HP: 93/95 MP: 16/16
 19637 | D:14     | Reached skill level 1 in Spellcasting
 19637 | D:14     | Reached skill level 1 in Translocations
 20020 | D:15     | Entered Level 15 of the Dungeon
 20107 | D:15     | Identified the +3 ring mail of Nup Sari {Dex+5 Slay-3}
 20394 | D:15     | Found a staircase to the Depths.
 20482 | D:15     | Lost mutation: You are partially covered in iridescent
                  | scales. (AC +2) [Jiyva's grace]
 20482 | D:15     | Lost mutation: You are very agile. (Dex +8, Str/Int -2)
                  | [Jiyva's grace]
 20482 | D:15     | Gained mutation: You are covered in slimy tendrils that may
                  | disarm your opponents. [Jiyva's grace]
 20482 | D:15     | Gained mutation: Your spells are a little harder to cast,
                  | but a little more powerful. [Jiyva's grace]
 20482 | D:15     | Gained mutation: Your spells are harder to cast, but more
                  | powerful. [Jiyva's grace]
 20482 | D:15     | Gained mutation: Your spells are much harder to cast, but
                  | much more powerful. [Jiyva's grace]
 20734 | D:15     | Reached skill level 1 in Shields
 21181 | Snake:1  | Entered Level 1 of the Snake Pit
 21330 | Snake:1  | Identified the +7 whip "Owuak" {heavy, rPois Will++ Int-4
                  | Dex+4}
 21533 | Snake:1  | Noticed Azrael
 21597 | Snake:1  | Killed Azrael
 21958 | Snake:1  | Found Meha's Distillery.
 22450 | Snake:2  | Reached XP level 17. HP: 104/104 MP: 23/23
 22563 | Snake:1  | Bought a potion of haste for 190 gold pieces
 22657 | Snake:2  | Reached skill level 15 in Dodging
 22706 | Snake:2  | Found Seirroblog's Book Shop.
 22709 | Snake:2  | Found Copou's Assorted Antiques.
 22709 | Snake:2  | Found Wakyoza's Assorted Antiques.
 22712 | Snake:2  | Found Miutirel's Distillery.
 22714 | Snake:2  | Bought a coppery potion for 28 gold pieces
 22852 | Snake:2  | Lost mutation: Your spells are much harder to cast, but
                  | much more powerful. [Jiyva's grace]
 22852 | Snake:2  | Lost mutation: Your body has grown eyes which may confuse
                  | attackers. (Acc +3) [Jiyva's grace]
 22852 | Snake:2  | Lost mutation: Your gelatinous body deflects attacks. (AC
                  | +3, EV +3) [Jiyva's grace]
 22852 | Snake:2  | Lost mutation: You are covered in slimy tendrils that may
                  | disarm your opponents. [Jiyva's grace]
 22852 | Snake:2  | Gained mutation: You have a small jelly attached to you
                  | that may absorb projectiles. [Jiyva's grace]
 22852 | Snake:2  | Gained mutation: You are partially covered in iridescent
                  | scales. (AC +2) [Jiyva's grace]
 22852 | Snake:2  | Gained mutation: You are mostly covered in iridescent
                  | scales. (AC +4) [Jiyva's grace]
 22852 | Snake:2  | Gained mutation: You are completely covered in iridescent
                  | scales. (AC +6) [Jiyva's grace]
 23350 | Snake:2  | Reached skill level 5 in Spellcasting
 23441 | Snake:2  | Reached skill level 5 in Translocations
 23637 | Snake:3  | Found Saog's Antique Armour Emporium.
 24147 | Snake:3  | Found Hefah's Jewellery Boutique.
 24147 | Snake:3  | Found Ymuah's Jewellery Boutique.
 24148 | Snake:3  | Found Iwowk's Book Shoppe.
 24672 | Snake:4  | Entered Level 4 of the Snake Pit
 24960 | Snake:4  | Reached skill level 5 in Shields
 24998 | Snake:4  | Reached skill level 10 in Armour
 25053 | Snake:4  | Lost mutation: You are completely covered in iridescent
                  | scales. (AC +6) [Jiyva's grace]
 25053 | Snake:4  | Lost mutation: You are mostly covered in iridescent scales.
                  | (AC +4) [Jiyva's grace]
 25053 | Snake:4  | Lost mutation: Your spells are harder to cast, but more
                  | powerful. [Jiyva's grace]
 25053 | Snake:4  | Lost mutation: Your pliable body absorbs attacks. (AC +2,
                  | EV +2) [Jiyva's grace]
 25053 | Snake:4  | Gained mutation: You expend magic power (3 MP) to
                  | strengthen your wands. [Jiyva's grace]
 25053 | Snake:4  | Gained mutation: You have sharp toenails. [Jiyva's grace]
 25053 | Snake:4  | Gained mutation: You have razor-sharp toenails. [Jiyva's
                  | grace]
 25053 | Snake:4  | Gained mutation: You have claws for feet. [Jiyva's grace]
 25074 | Snake:4  | Reached XP level 18. HP: 112/112 MP: 25/25
 25454 | Snake:4  | Got a serpentine rune of Zot
 25887 | Shoals:1 | Entered Level 1 of the Shoals
 25890 | Shoals:1 | Found Kulyzan's Antique Armour Emporium.
 25944 | Shoals:1 | Identified the serpent talisman of Nakheexe {Will+}
 25944 | Shoals:1 | Noticed Aizul
 25945 | Shoals:1 | Noticed Nikola
 25966 | Lair:2   | Killed Aizul
 26047 | Lair:2   | Killed Nikola
 26060 | Lair:2   | Identified a scroll of acquirement
 26060 | Lair:2   | Acquired the +2 cloak of the Barnacle {*Corrode rElec Int+2
                  | Dex+8}
 26114 | Shoals:1 | Found Qyvos's Book Boutique.
 26679 | Shoals:1 | Found Nokhlitt's Magic Scroll Shoppe.
 27093 | Shoals:2 | Reached XP level 19. HP: 113/117 MP: 26/26
 27107 | Shoals:2 | Noticed Louise
 27138 | Shoals:2 | Killed Louise
 27164 | Shoals:2 | Found a runed translucent gate.
 27165 | Shoals:2 | Found a runed translucent gate.
 27166 | Shoals:2 | Found a runed translucent gate.
 27406 | Shoals:2 | Lost mutation: Your translucent skin slightly reduces your
                  | foes' accuracy. (Stealth+) [Jiyva's grace]
 27406 | Shoals:2 | Gained mutation: You are strong-willed. (Will+) [Jiyva's
                  | grace]
 27406 | Shoals:2 | Gained mutation: You are highly strong-willed. (Will++)
                  | [Jiyva's grace]
 27406 | Shoals:2 | Gained mutation: You are extremely strong-willed. (Will+++)
                  | [Jiyva's grace]
 27406 | Shoals:2 | Gained mutation: You have a pair of small horns on your
                  | head. [Jiyva's grace]
 27558 | Shoals:2 | Noticed Kehia's ghost (adept DrWn)
 27603 | Shoals:2 | Killed Kehia's ghost
 27638 | Shoals:2 | Identified the +2 pair of boots of Asceticism {Regen+ SInv}
 27639 | Shoals:2 | Identified the +1 pair of boots of the Pleiades {rN+ Dex+4
                  | Slay-2}
 27686 | Shoals:3 | Found a runed translucent door.
 27691 | Shoals:3 | Found a corrupted altar of Lugonu.
 27818 | Shoals:3 | Noticed Bai Suzhen
 27847 | Shoals:3 | Killed Bai Suzhen
 27915 | Shoals:3 | Noticed Polyphemus
 27945 | Shoals:3 | Killed Polyphemus
 28054 | Shoals:1 | Bought a jewelled ring mail for 315 gold pieces
 28054 | Shoals:1 | Identified the +1 ring mail of the Eagle {Str+3 Int+3} (You
                  | bought it in a shop on level 1 of the Shoals)
 28181 | Shoals:3 | Identified the +6 falchion of Desperation {heavy, SInv}
 28688 | Shoals:3 | Noticed Roxanne
 28714 | Shoals:3 | Killed Roxanne
 28730 | Shoals:4 | Entered Level 4 of the Shoals
 29137 | Shoals:4 | Noticed a titan
 29142 | Shoals:4 | Killed a titan
 29144 | Shoals:4 | Got a barnacled rune of Zot
 29147 | Shoals:4 | Identified the ring "Giruxtef" {rN+ Dex+4}
 29149 | Shoals:4 | Identified the amulet of the Priest {Spirit rPois Str-4
                  | SInv}
 29447 | Shoals:4 | Reached XP level 20. HP: 127/127 MP: 27/27
 29748 | Shoals:4 | Found a blossoming altar of Fedhas.
 30093 | Depths:1 | Entered Level 1 of the Depths
 30283 | Depths:1 | Reached skill level 15 in Fighting
 30443 | Depths:1 | Lost mutation: You have a pair of small horns on your head.
                  | [Jiyva's grace]
 30443 | Depths:1 | Lost mutation: You are partially covered in iridescent
                  | scales. (AC +2) [Jiyva's grace]
 30443 | Depths:1 | Lost mutation: You are extremely strong-willed. (Will+++)
                  | [Jiyva's grace]
 30443 | Depths:1 | Lost mutation: You are highly strong-willed. (Will++)
                  | [Jiyva's grace]
 30443 | Depths:1 | Lost mutation: Your system is resistant to poisons. (rPois)
                  | [Jiyva's grace]
 30443 | Depths:1 | Lost mutation: Your spells are a little harder to cast, but
                  | a little more powerful. [Jiyva's grace]
 30443 | Depths:1 | Lost mutation: You have a small jelly attached to you that
                  | may absorb projectiles. [Jiyva's grace]
 30443 | Depths:1 | Lost mutation: You expend magic power (3 MP) to strengthen
                  | your wands. [Jiyva's grace]
 30443 | Depths:1 | Gained mutation: You are covered in slimy tendrils that may
                  | disarm your opponents. [Jiyva's grace]
 30443 | Depths:1 | Gained mutation: You are very agile. (Dex +8, Str/Int -2)
                  | [Jiyva's grace]
 30443 | Depths:1 | Gained mutation: Your flesh is heat resistant. (rF+)
                  | [Jiyva's grace]
 30443 | Depths:1 | Gained mutation: Your flesh is very heat resistant. (rF++)
                  | [Jiyva's grace]
 30534 | Depths:1 | Found a hazy altar of Hepliaklqana.
 30802 | Depths:1 | Found a stormy altar of Qazlal.
 30840 | Depths:1 | Found Xorr's One-of-a-Kind Books.
 30859 | Depths:1 | Found a one-way gateway to a ziggurat.
 30994 | Depths:1 | Found a gateway to Hell.
 31144 | Depths:2 | Reached XP level 21. HP: 111/136 MP: 26/28
 31234 | Depths:2 | Found a one-way gate leading to the halls of Pandemonium.
 31755 | Depths:2 | Noticed a golden dragon
 31760 | Depths:2 | Killed a golden dragon
 32934 | Hell     | Entered the Vestibule of Hell
 32934 | Hell     | Noticed Geryon
 32934 | Hell     | Lost mutation: You have claws for feet. [Jiyva's grace]
 32934 | Hell     | Lost mutation: Your rubbery body absorbs attacks. (AC +1,
                  | EV +1) [Jiyva's grace]
 32934 | Hell     | Lost mutation: You are covered in slimy tendrils that may
                  | disarm your opponents. [Jiyva's grace]
 32934 | Hell     | Gained mutation: You are highly strong-willed. (Will++)
                  | [Jiyva's grace]
 32934 | Hell     | Gained mutation: You are extremely strong-willed. (Will+++)
                  | [Jiyva's grace]
 32934 | Hell     | Gained mutation: You have a small jelly attached to you
                  | that senses nearby items. [Jiyva's grace]
 32934 | Hell     | Gained mutation: Your skin changes colour to match your
                  | surroundings (Stealth+). [Jiyva's grace]
 32970 | Hell     | Killed Geryon
 33165 | Hell     | Found a gateway to the ashen valley of Gehenna.
 33306 | Hell     | Reached XP level 22. HP: 143/143 MP: 29/29
 33341 | Hell     | Reached skill level 15 in Evocations
 33355 | Hell     | Found a gateway to the decaying netherworld of Tartarus.
 33682 | Hell     | Found a gateway to the Iron City of Dis.
 33783 | Hell     | Found a gateway to the freezing wastes of Cocytus.
 34180 | Elf:1    | Entered Level 1 of the Elven Halls
 34287 | Elf:1    | Acquired 729 gold pieces
 34561 | Snake:3  | Bought a pair of runed gloves for 247 gold pieces
 34761 | D:10     | Killed MiniGinger's ghost
 34997 | Elf:1    | Paralysed by an air elemental for 1 turns
 35965 | Elf:2    | Found Oqamnopt's Magic Scroll Shoppe.
 35976 | Elf:2    | Bought a scroll of teleportation for 60 gold pieces
 35976 | Elf:2    | Bought a scroll of identify for 40 gold pieces
 35976 | Elf:2    | Bought a scroll of teleportation for 60 gold pieces
 36132 | Elf:2    | Found a huge runed translucent gate.
 36132 | Elf:2    | Found a huge runed translucent gate.
 36132 | Elf:2    | Found a huge runed translucent gate.
 36133 | Elf:2    | Found a huge runed translucent gate.
 36134 | Elf:2    | Found a huge runed translucent gate.
 36234 | Elf:2    | Reached skill level 10 in Shields
 36582 | Elf:2    | Lost mutation: You have very sharp teeth. [Jiyva's grace]
 36582 | Elf:2    | Lost mutation: Your flesh is very heat resistant. (rF++)
                  | [Jiyva's grace]
 36582 | Elf:2    | Gained mutation: You are robust. (+10% HP) [Jiyva's grace]
 36582 | Elf:2    | Gained mutation: You are very robust. (+20% HP) [Jiyva's
                  | grace]
 36582 | Elf:2    | Gained mutation: You are extremely robust. (+30% HP)
                  | [Jiyva's grace]
 36582 | Elf:2    | Lost mutation: Your skin changes colour to match your
                  | surroundings (Stealth+). [Jiyva's grace]
 36582 | Elf:2    | Gained mutation: Your translucent skin slightly reduces
                  | your foes' accuracy. (Stealth+) [Jiyva's grace]
 37065 | Elf:3    | Entered Level 3 of the Elven Halls
 37209 | Elf:3    | Reached XP level 23. HP: 193/193 MP: 30/30
 37349 | Elf:3    | Identified the +8 orcbow "Dragonbane" {elec, rPois rC+ rN+
                  | Dex-5}
 37451 | Elf:3    | Identified the +3 leather armour of Courage {rElec}
 37473 | Elf:3    | Identified the +0 cloak "Tar Myny" {rCorr Dex+2}
 39383 | Depths:3 | Found a sacrificial altar of Ru.
 39798 | Depths:3 | Identified the +0 mace "Hellblazer" {flame, rC+ Int+5
                  | Stlth-}
 40146 | Depths:3 | Identified the ring of Ashenzari's Supremacy {Fly rF+}
 40214 | Depths:3 | Lost mutation: You have razor-sharp toenails. [Jiyva's
                  | grace]
 40214 | Depths:3 | Lost mutation: You have a small jelly attached to you that
                  | senses nearby items. [Jiyva's grace]
 40214 | Depths:3 | Gained mutation: Your flesh is very heat resistant. (rF++)
                  | [Jiyva's grace]
 40214 | Depths:3 | Gained mutation: Your flesh is almost immune to the effects
                  | of heat. (rF+++) [Jiyva's grace]
 40214 | Depths:3 | Gained mutation: You expend magic power (3 MP) to
                  | strengthen your wands. [Jiyva's grace]
 40214 | Depths:3 | Gained mutation: You have acidic saliva. [Jiyva's grace]
 40413 | Depths:4 | Entered Level 4 of the Depths
 40476 | Depths:4 | Reached XP level 24. HP: 202/202 MP: 30/30
 40502 | Depths:4 | Found a white marble altar of Elyvilon.
 40607 | Depths:4 | Noticed a caustic shrike
 40609 | Depths:4 | Noticed a caustic shrike
 40610 | Depths:4 | Noticed a caustic shrike
 40613 | Depths:4 | Noticed a caustic shrike
 40617 | Depths:4 | Killed a caustic shrike
 40618 | Depths:4 | Killed a caustic shrike
 40620 | Depths:4 | Killed a caustic shrike
 40624 | Depths:4 | Killed a caustic shrike
 40760 | Depths:4 | Found a gate to the Realm of Zot.
 41953 | Vaults:1 | Entered Level 1 of the Vaults
 42029 | Vaults:1 | Found a flickering gateway to a bazaar.
 42034 | Bazaar   | Entered a bazaar
 42057 | Bazaar   | Found Lett's Armour Shop.
 42074 | Bazaar   | Found Papnotwy's Weapon Boutique.
 42074 | Bazaar   | Found Zuxostria's Weapon Shop.
 42109 | Bazaar   | Found Cofa's Book Shop.
 42293 | Vaults:1 | Lost mutation: You are very agile. (Dex +8, Str/Int -2)
                  | [Jiyva's grace]
 42293 | Vaults:1 | Lost mutation: You are extremely robust. (+30% HP) [Jiyva's
                  | grace]
 42293 | Vaults:1 | Gained mutation: You have hidden genetic potential.
                  | [Jiyva's grace]
 42293 | Vaults:1 | Gained mutation: You have great hidden genetic potential.
                  | [Jiyva's grace]
 42293 | Vaults:1 | Gained mutation: You have a beak for a mouth. [Jiyva's
                  | grace]
 42293 | Vaults:1 | Gained mutation: You are extremely robust. (+30% HP)
                  | [Jiyva's grace]
 42688 | Vaults:1 | Noticed Zenata
 42747 | Vaults:1 | Noticed Asterion
 42759 | Vaults:1 | Killed Zenata
 42761 | Vaults:1 | Killed Asterion
 43821 | Snake:2  | Bought a potion of haste for 140 gold pieces
 43821 | Snake:2  | Bought a potion of invisibility for 112 gold pieces
 43821 | Snake:2  | Bought a potion of mutation for 112 gold pieces
 43821 | Snake:2  | Bought a potion of heal wounds for 70 gold pieces
 43821 | Snake:2  | Bought a potion of invisibility for 112 gold pieces
 43824 | Snake:2  | Bought a lightning rod (4/4) for 1280 gold pieces
 43824 | Snake:2  | Acquired 825 gold pieces
 43826 | Snake:2  | Bought 2 potions of haste for 640 gold pieces
 43873 | Snake:1  | Bought a potion of heal wounds for 95 gold pieces
 43873 | Snake:1  | Bought a potion of might for 76 gold pieces
 43873 | Snake:1  | Bought a potion of might for 76 gold pieces
 43873 | Snake:1  | Bought a potion of curing for 57 gold pieces
 43873 | Snake:1  | Bought a potion of curing for 57 gold pieces
 43873 | Snake:1  | Bought a potion of heal wounds for 95 gold pieces
 44244 | Vaults:2 | Reached skill level 15 in Armour
 44794 | Vaults:2 | Reached XP level 25. HP: 213/213 MP: 30/30
 44816 | Vaults:2 | Found a staircase to the Crypt.
 44846 | Vaults:2 | Identified the orb "Etai" {light, Str+2}
 44846 | Vaults:2 | Noticed Frederick
 44850 | Vaults:2 | Killed Frederick
 45113 | Vaults:2 | Found Xierink's General Store.
 45603 | Vaults:3 | Found a crumbling gateway.
 45609 | Desolati | Entered the Desolation of Salt
 45706 | Desolati | Lost mutation: Your flesh is almost immune to the effects
                  | of heat. (rF+++) [Jiyva's grace]
 45706 | Desolati | Lost mutation: Your flesh is very heat resistant. (rF++)
                  | [Jiyva's grace]
 45706 | Desolati | Lost mutation: You have great hidden genetic potential.
                  | [Jiyva's grace]
 45706 | Desolati | Lost mutation: You expend magic power (3 MP) to strengthen
                  | your wands. [Jiyva's grace]
 45706 | Desolati | Gained mutation: You possess an exceptional clarity of
                  | mind. [Jiyva's grace]
 45706 | Desolati | Gained mutation: You are partially covered in large bone
                  | plates. (SH +4) [Jiyva's grace]
 45706 | Desolati | Gained mutation: You are mostly covered in large bone
                  | plates. (SH +6) [Jiyva's grace]
 45706 | Desolati | Gained mutation: You are completely covered in large bone
                  | plates. (SH +8) [Jiyva's grace]
 45911 | Desolati | Identified the +0 leather armour "Jinoig" {-Tele rN++
                  | Str+6}
 45926 | Desolati | Identified the +0 hand axe of Xynk {flame, *Noise rN+++
                  | MP+9 Stlth+}
 45927 | Desolati | Identified a ring "Huvazagi" {Will+ Slay+3}
 45931 | Desolati | Identified the ring of Tomorrow {rElec rPois Will+ Int-2
                  | Stlth+}
 45940 | Desolati | Got the Elucidation of Support and Spelunking
 45941 | Desolati | Identified the ring "Bateecs" {rElec rN+ rCorr Str-5 Int-4}
 46019 | Desolati | Gained mutation: Your mind is acute. (Int +4, Str/Dex -1)
                  | [hidden potential]
 46028 | Desolati | Got the Book of Breccia
 46030 | Desolati | Identified the staff of Woith {^Contam rElec Will+++ Int-2
                  | Summ Air}
 46036 | Desolati | Identified the +1 ring mail of the Swamp {Will+ Int+5}
 46041 | Desolati | Got the Discursus on the Burn
 46044 | Desolati | Got the Codex of Effluvium
 46216 | Desolati | Got Dispater's Directory of Blasts
 46218 | Desolati | Identified the +0 broad axe "Xyfyte" {flame, rElec rC- SInv
                  | Stlth+}
 47153 | Vaults:3 | Found Xazxir's Book Boutique.
 48256 | Vaults:4 | Noticed Mara
 48258 | Vaults:4 | Lost mutation: You have a beak for a mouth. [Jiyva's grace]
 48258 | Vaults:4 | Lost mutation: You are completely covered in large bone
                  | plates. (SH +8) [Jiyva's grace]
 48258 | Vaults:4 | Lost mutation: You are extremely robust. (+30% HP) [Jiyva's
                  | grace]
 48258 | Vaults:4 | Lost mutation: You have acidic saliva. [Jiyva's grace]
 48258 | Vaults:4 | Gained mutation: Your melee attacks may engulf your foes in
                  | ooze. [Jiyva's grace]
 48258 | Vaults:4 | Gained mutation: Armour fits poorly on your pseudopods.
                  | [Jiyva's grace]
 48258 | Vaults:4 | Gained mutation: Armour fits poorly on your large
                  | pseudopods. [Jiyva's grace]
 48258 | Vaults:4 | Gained mutation: Armour fits poorly on your massive
                  | pseudopods. [Jiyva's grace]
 48260 | Vaults:4 | Killed Mara
 48416 | Vaults:4 | Reached XP level 26. HP: 208/208 MP: 30/30
 49560 | Vaults:5 | Entered Level 5 of the Vaults
 49564 | Vaults:5 | Noticed Boris
 49575 | Vaults:5 | Killed Boris
 49582 | Vaults:4 | Gained mutation: You expend magic power (3 MP) to
                  | strengthen your wands. [hidden potential]
 49582 | Vaults:4 | Lost mutation: You have hidden genetic potential. [hidden
                  | potential expressed]
 49626 | Vaults:5 | Noticed a dread lich
 49646 | Vaults:4 | Killed a dread lich
 49859 | Vaults:5 | Noticed a dread lich
 49888 | Vaults:5 | Noticed a dread lich
 49902 | Vaults:5 | Killed a dread lich
 49912 | Vaults:5 | Killed a dread lich
 50076 | Vaults:5 | Noticed an ancient lich
 50091 | Vaults:5 | Killed an ancient lich
 50130 | Vaults:5 | Noticed a dread lich
 50138 | Vaults:5 | Killed a dread lich
 50197 | Vaults:5 | Reached XP level 27. HP: 212/213 MP: 30/30
 50226 | Vaults:5 | Identified the +3 glaive of Reason {flame, rF+}
 50297 | Vaults:5 | Identified the +5 falchion of Furasoc {spect, rPois Int+3}
 50489 | Vaults:5 | Got a silver rune of Zot
 50623 | Vaults:5 | Identified the ring of Kikhluamn {rF+ rCorr}
 51426 | Crypt:1  | Entered Level 1 of the Crypt
 51430 | Crypt:1  | Lost mutation: You are very robust. (+20% HP) [Jiyva's
                  | grace]
 51430 | Crypt:1  | Gained mutation: You passively map a small area around you.
                  | [Jiyva's grace]
 51430 | Crypt:1  | Gained mutation: You passively map the area around you.
                  | [Jiyva's grace]
 51430 | Crypt:1  | Gained mutation: You passively map a large area around you.
                  | [Jiyva's grace]
 51430 | Crypt:1  | Gained mutation: You are very robust. (+20% HP) [Jiyva's
                  | grace]
 51703 | Crypt:1  | Noticed Boris
 51729 | Crypt:1  | Killed Boris
 51894 | Crypt:1  | Identified the +10 hand axe "Peutiung" {vamp, rF++}
 51955 | Crypt:1  | Identified the +5 hand axe of Mexan {holy, Dex+3}
 52004 | Crypt:1  | Identified the +5 great sword "Gonkisha" {freeze, Str+2
                  | Dex+2}
 52894 | Crypt:2  | Found an ancient bone altar of Kikubaaqudgha.
 53065 | Crypt:3  | Entered Level 3 of the Crypt
 53444 | Crypt:3  | Lost mutation: You have sharp toenails. [Jiyva's grace]
 53444 | Crypt:3  | Lost mutation: You are extremely strong-willed. (Will+++)
                  | [Jiyva's grace]
 53444 | Crypt:3  | Lost mutation: Armour fits poorly on your massive
                  | pseudopods. [Jiyva's grace]
 53444 | Crypt:3  | Lost mutation: Your translucent skin slightly reduces your
                  | foes' accuracy. (Stealth+) [Jiyva's grace]
 53444 | Crypt:3  | Lost mutation: You expend magic power (3 MP) to strengthen
                  | your wands. [Jiyva's grace]
 53444 | Crypt:3  | Gained mutation: Your muscles are strong. (Str +4, Int/Dex
                  | -1) [Jiyva's grace]
 53444 | Crypt:3  | Gained mutation: Your muscles are very strong. (Str +8,
                  | Int/Dex -2) [Jiyva's grace]
 53444 | Crypt:3  | Gained mutation: You are partially covered in iridescent
                  | scales. (AC +2) [Jiyva's grace]
 53444 | Crypt:3  | Gained mutation: You are mostly covered in iridescent
                  | scales. (AC +4) [Jiyva's grace]
 53582 | Crypt:3  | Found an ancient bone altar of Kikubaaqudgha.
 53776 | Crypt:3  | Reached skill level 27 in Stealth
 53840 | Crypt:3  | Noticed a dread lich
 53840 | Crypt:3  | Found the +6 lightning scales {swift, rElec}
 53850 | Crypt:3  | Noticed an ancient lich
 53869 | Crypt:3  | Killed a dread lich
 53885 | Crypt:3  | Killed an ancient lich
 53894 | Crypt:3  | Identified the ring "Jypterchenacw" {Fly rN+ Will++ Dex-4
                  | SInv}
 54710 | Crypt:3  | Noticed Margery
 54725 | Crypt:3  | Killed Margery
 54780 | Crypt:3  | Found a staircase to the Tomb.
 55381 | Orc:2    | Bought a phantom mirror for 840 gold pieces
 55381 | Orc:2    | Bought a potion of resistance for 210 gold pieces
 55654 | Geh:1    | Entered Level 1 of Gehenna
 55818 | Geh:1    | Reached skill level 27 in Dodging
 55843 | Geh:1    | Found a huge runed translucent gate.
 55843 | Geh:1    | Found a huge runed translucent gate.
 55843 | Geh:1    | Found a huge runed translucent gate.
 55843 | Geh:1    | Found a huge runed translucent gate.
 55843 | Geh:1    | Found a huge runed translucent gate.
 55843 | Geh:1    | Found a huge runed translucent gate.
 55843 | Geh:1    | Found a huge runed translucent gate.
 55844 | Geh:1    | Found a huge runed translucent gate.
 55845 | Geh:1    | Found a huge runed translucent gate.
 55848 | Geh:1    | Found a huge runed translucent gate.
 55849 | Geh:1    | Found a huge runed translucent gate.
 55850 | Geh:1    | Found a huge runed translucent gate.
 55851 | Geh:1    | Found a huge runed translucent gate.
 55852 | Geh:1    | Found a huge runed translucent gate.
 55853 | Geh:1    | Found a huge runed translucent gate.
 55854 | Geh:1    | Found a huge runed translucent gate.
 55854 | Geh:1    | Found a huge runed translucent gate.
 55856 | Geh:1    | Found a huge runed translucent gate.
 55857 | Geh:1    | Found a huge runed translucent gate.
 55859 | Geh:1    | Found a huge runed translucent gate.
 55860 | Geh:1    | Found a huge runed translucent gate.
 55861 | Geh:1    | Found a huge runed translucent gate.
 55863 | Geh:1    | Found a huge runed translucent gate.
 55868 | Geh:1    | Found a huge runed translucent gate.
 55873 | Geh:1    | Found a huge runed translucent gate.
 55873 | Geh:1    | Found a huge runed translucent gate.
 55879 | Geh:1    | Found a huge runed translucent gate.
 55896 | Geh:1    | Noticed an ancient lich
 55896 | Geh:1    | Noticed a dread lich
 55896 | Geh:1    | Noticed a dread lich
 55897 | Geh:1    | Noticed a dread lich
 55901 | Geh:1    | HP: 10/225 [??? (7)]
 56008 | Geh:1    | Killed a dread lich
 56116 | Geh:1    | Killed a dread lich
 56153 | Geh:1    | Killed an ancient lich
 56185 | Geh:1    | Killed a dread lich
 56873 | Geh:3    | Lost mutation: You are mostly covered in large bone plates.
                  | (SH +6) [Jiyva's grace]
 56873 | Geh:3    | Lost mutation: Your mind is acute. (Int +4, Str/Dex -1)
                  | [Jiyva's grace]
 56873 | Geh:3    | Lost mutation: You are very robust. (+20% HP) [Jiyva's
                  | grace]
 56873 | Geh:3    | Lost mutation: Your muscles are very strong. (Str +8,
                  | Int/Dex -2) [Jiyva's grace]
 56873 | Geh:3    | Lost mutation: Your melee attacks may engulf your foes in
                  | ooze. [Jiyva's grace]
 56873 | Geh:3    | Gained mutation: You have acidic saliva. [Jiyva's grace]
 56873 | Geh:3    | Gained mutation: You are very agile. (Dex +8, Str/Int -2)
                  | [Jiyva's grace]
 56873 | Geh:3    | Gained mutation: Your body has grown eyes which may confuse
                  | attackers. (Acc +3) [Jiyva's grace]
 56873 | Geh:3    | Gained mutation: Your body has grown many eyes which may
                  | confuse attackers. (Acc +5) [Jiyva's grace]
 57568 | Zot:1    | Entered Level 1 of the Realm of Zot
 57596 | Zot:1    | Reached skill level 15 in Short Blades
 58066 | Zot:1    | Noticed Vv
 58140 | Zot:1    | Killed Vv
 58207 | Zot:1    | You fall into a shaft and drop 1 floor!
 58296 | Zot:2    | Noticed an orb of fire
 58302 | Zot:2    | Gained mutation: You are dopey. (Int -2) [an orb of fire]
 58313 | Zot:2    | Killed an orb of fire
 59507 | Zot:3    | Lost mutation: You are very agile. (Dex +8, Str/Int -2)
                  | [Jiyva's grace]
 59507 | Zot:3    | Lost mutation: You are highly strong-willed. (Will++)
                  | [Jiyva's grace]
 59507 | Zot:3    | Lost mutation: You passively map a large area around you.
                  | [Jiyva's grace]
 59507 | Zot:3    | Lost mutation: You have acidic saliva. [Jiyva's grace]
 59507 | Zot:3    | Lost mutation: Armour fits poorly on your large pseudopods.
                  | [Jiyva's grace]
 59507 | Zot:3    | Gained mutation: Your melee attacks may engulf your foes in
                  | ooze. [Jiyva's grace]
 59507 | Zot:3    | Gained mutation: You have acidic saliva. [Jiyva's grace]
 59507 | Zot:3    | Gained mutation: You have a small jelly attached to you
                  | that may absorb projectiles. [Jiyva's grace]
 59507 | Zot:3    | Gained mutation: You have large cloven feet. [Jiyva's
                  | grace]
 59610 | Zot:3    | Learned a level 4 spell: Vhi's Electric Charge
 59802 | Zot:4    | Reached skill level 1 in Air Magic
 60297 | Zot:4    | Found the +7 great mace "Undeadhunter" {deathbane, rN+}
 60492 | Zot:4    | Identified the +1 orcbow of Feunar {freeze, rElec}
 60667 | Zot:5    | Entered Level 5 of the Realm of Zot
 61063 | Zot:5    | Noticed a dread lich
 61076 | Zot:5    | Noticed an orb of fire
 61085 | Zot:5    | Noticed an orb of fire
 61086 | Zot:5    | Lost mutation: You have acidic saliva. [an orb of fire]
 61087 | Zot:5    | Noticed an orb of fire
 61093 | Zot:5    | Noticed an orb of fire
 61095 | Zot:5    | Noticed an orb of fire
 61098 | Zot:5    | Noticed an orb of fire
 61099 | Zot:5    | Killed an orb of fire
 61100 | Zot:5    | Noticed an orb of fire
 61103 | Zot:5    | Killed an orb of fire
 61106 | Zot:5    | Noticed an orb of fire
 61108 | Zot:5    | Killed a dread lich
 61117 | Zot:5    | Gained mutation: Your health recovers twice as slowly from
                  | being drained. [an orb of fire]
 61118 | Zot:5    | Killed an orb of fire
 61118 | Zot:5    | Noticed an orb of fire
 61119 | Zot:5    | Lost mutation: Your muscles are strong. (Str +4, Int/Dex
                  | -1) [an orb of fire]
 61121 | Zot:5    | Gained mutation: You occasionally lose the ability to drink
                  | potions when taking damage. [an orb of fire]
 61121 | Zot:5    | Lost mutation: You are robust. (+10% HP) [an orb of fire]
 61122 | Zot:5    | Reached skill level 5 in Air Magic
 61122 | Zot:5    | Killed an orb of fire
 61123 | Zot:5    | Noticed a Killer Klown
 61125 | Zot:5    | Killed an orb of fire
 61127 | Zot:5    | Noticed a dread lich
 61129 | Zot:5    | Killed an orb of fire
 61131 | Zot:5    | Noticed a dread lich
 61133 | Zot:5    | Killed an orb of fire
 61140 | Zot:5    | Paralysed by a dread lich for 4 turns
 61141 | Zot:5    | Noticed an ancient lich
 61145 | Zot:5    | Lost mutation: You are agile. (Dex +4, Str/Int -1) [an orb
                  | of fire]
 61147 | Zot:5    | Killed a dread lich
 61149 | Zot:5    | Gained mutation: You occasionally lose the ability to read
                  | scrolls when taking damage. [an orb of fire]
 61154 | Zot:5    | Noticed a Killer Klown
 61155 | Zot:5    | Killed an orb of fire
 61160 | Zot:5    | Killed a dread lich
 61162 | Zot:5    | Killed a Killer Klown
 61164 | Zot:5    | Killed an ancient lich
 61168 | Zot:5    | Gained mutation: Your body sometimes deteriorates upon
                  | taking damage. [an orb of fire]
 61171 | Zot:5    | Gained mutation: Your magical capacity is low. (-10% MP)
                  | [an orb of fire]
 61172 | Zot:5    | Gained mutation: You are clumsy. (Dex -2) [an orb of fire]
 61179 | Zot:5    | Gained mutation: Your magical capacity is very low. (-20%
                  | MP) [an orb of fire]
 61180 | Zot:5    | Killed an orb of fire
 61187 | Zot:5    | Lost mutation: Armour fits poorly on your pseudopods.
                  | [potion of mutation]
 61187 | Zot:5    | Lost mutation: Your health recovers twice as slowly from
                  | being drained. [potion of mutation]
 61187 | Zot:5    | Gained mutation: Your muscles are strong. (Str +4, Int/Dex
                  | -1) [potion of mutation]
 61201 | Zot:5    | Killed a Killer Klown
 61231 | Zot:5    | Lost mutation: Your flesh is heat resistant. (rF+) [potion
                  | of mutation]
 61231 | Zot:5    | Lost mutation: You are strong-willed. (Will+) [potion of
                  | mutation]
 61231 | Zot:5    | Lost mutation: You possess an exceptional clarity of mind.
                  | [potion of mutation]
 61231 | Zot:5    | Lost mutation: Your magical capacity is very low. (-20% MP)
                  | [potion of mutation]
 61233 | Zot:5    | Lost mutation: You have a small jelly attached to you that
                  | may absorb projectiles. [potion of mutation]
 61233 | Zot:5    | Lost mutation: You are partially covered in large bone
                  | plates. (SH +4) [potion of mutation]
 61233 | Zot:5    | Gained mutation: You have hoof-like feet. [potion of
                  | mutation]
 61427 | Zot:5    | Got the Orb of Zot
 61458 | Zot:5    | Noticed Udianni the pandemonium lord
 61488 | Zot:5    | Noticed Riweqof the pandemonium lord
 61657 | Depths:4 | Noticed Syraum the pandemonium lord
 62088 | D:$      | Escaped with the Orb!

Illustrated notes

Levels and vault maps discovered:
D:1:      scummos_arrival_gate, layout_basic,
          shapermc_ecumenical_altar_rom_forum
D:2:      layout_basic, serial_bayou, serial_bayou_pond_b, serial_bayou_pond_d,
          serial_bayou_pond_b, serial_bayou_shore_b
D:3:      due_chaos_kobolds, layout_basic, ashenzari_altar_1, slow_altar_1
D:4:      layout_rooms, kennysheep_mini, serial_shops, shop
D:5:      layout_loops_ring, uniq_menkaure, uniq_blork_the_orc
D:6:      layout_rooms, lemuel_tele_altar, kiku_gazebo_garden_becter,
          kennysheep_mini_moat, minmay_temple_entry_overgrown,
          serial_bayou_lagoon_a
D:7:      layout_loops_ring, mainiacjoe_overflow_boulevard, uniq_jeremiah
D:8:      layout_loops_cross, nicolae_gozag_zags_fifth_avenue, tso_metal_star,
          dk_vineyard_2, minmay_misc_feat_diagonals, kennysheep_nub
D:9:      layout_gridville, mainiacjoe_overflow_tiny_flanked
D:10:     layout_irregular_city, lemuel_blue_sif_altar, dpeg_lair_monsters,
          orc_0_dummy, gammafunk_ghost_split, uniq_nergalle, uniq_erolcha
D:11:     layout_loops_ring
D:12:     layout_loops_ring, gauntlet_entry_generic
D:13:     layout_cave_pods, hellmonk_vaults_order_and_chaos, grunt_ministairs_6,
          uniq_josephine
D:14:     dreamdust_experimentation, layout_basic, dreamdust_wishing_well,
          serial_shops, shop, uniq_kirke
D:15:     grunt_enter_depths_hoard, layout_long_grid,
          chequers_hall_statues_corner_a
Lair:1:   layout_gridlike, grunt_megastairs_4, serial_bayou_shore_b, uniq_grum
Lair:2:   layout_roguey, elwin_shoals_entry_rocks, infiniplex_staircase_pool_2,
          serial_bayou_shore_b
Lair:3:   layout_hall_layers, guppyfry_snake_entry_garden, forest_entry_grove,
          infiniplex_staircase_pool, lemuel_fruit_tree
Lair:4:   layout_hall_layers, nicolae_slime_entry_field_trip, grunt_megastairs_2
Lair:5:   minmay_lair_end_frog_pond, layout_cave_pods
Shoals:1: layout_shoals, serial_shops, shop, shop, shop, uniq_nikola, uniq_aizul
Shoals:2: layout_shoals, gammafunk_ghost_tricky_traps, uniq_louise
Shoals:3: layout_shoals, nicolae_shoals_abyss_on_the_beach, uniq_polyphemus,
          uniq_roxanne, uniq_bai_suzhen
Shoals:4: shoals_end_hellmonk_storm_palace [storm_palace_center_circular,
          storm_palace_corner_blocked, storm_palace_corner_reverse_hut,
          storm_palace_corner_reverse_hut, storm_palace_corner_altar]
Snake:1:  layout_chambers, nicolae_take_the_stairs, grunt_ministairs_7,
          uniq_azrael
Snake:2:  layout_cave_shapes, minmay_shoptagon
Snake:3:  layout_grid_shapes, serial_shops, shop,
          nicolae_snake_ghostly_warrior_ritual, minmay_shop_grove
Snake:4:  snake_pit, layout_misc_corridors
Slime:1:  layout_caves
Slime:2:  layout_caves
Slime:3:  layout_caves
Slime:4:  layout_caves, basic_altar
Slime:5:  slime_pit_nicolae_block_by_block
Orc:1:    layout_caves, portal_ice_cave_entry_pillars_2, uniq_urug
Orc:2:    hellmonk_orc_salted, layout_caves, gammafunk_ghost_stat_death,
          serial_shops, shop
Elf:1:    nicolae_elf_arrival_fired_up, layout_geoelf_diagonals,
          minmay_elf_crystal_heptagon, grunt_megastairs_3
Elf:2:    elven_hall_of_blades_hangedman_alternative
          [nicolae_blade_entry_hurt_lockers], layout_loops_cross, serial_shops,
          nicolae_shop_advertising_works [nicolae_subvault_shop_adworks]
Elf:3:    minmay_elf_hall_not_hex, layout_geoelf_castle
Vaults:1: grunt_vaults_bifocal, nicolae_vaults_little_squares_4, v_misc_4,
          v_pattern_1, nicolae_vaults_storage_room_glass,
          nicolae_vaults_trapezoid_1, ontoclasm_vaults_idyll,
          nicolae_vaults_trapezoid_lopsided_3, hangedman_vaults_slice,
          layout_vaults_chaotic_city, serial_shops, bzr_entry_road, uniq_zenata,
          uniq_asterion
Vaults:2: nicolae_vaults_closet_pinwheel_3, minmay_crypt_entry_nasty_monster,
          vaults_room_fours, hangedman_vaults_corner_blocks,
          nicolae_vaults_mitosis, v_misc_17, nicolae_vaults_closet_pinwheel_2,
          nicolae_vaults_trapezoid_1, nicolae_vaults_trapezoid_3, v_pattern_4,
          nicolae_vaults_house_1, nicolae_vaults_back_hallway,
          nicolae_vaults_tangram_2, vaults_room_grunt_arrival_checkpoint,
          nicolae_vaults_hexular_roomagon, nicolae_vaults_tetromino_Z_1,
          layout_vaults_omnibox, serial_shops, shop, uniq_frederick
Vaults:3: portal_desolation_entry_nicolae_slug, nicolae_vaults_trapezoid_3,
          nicolae_vaults_trapezoid_3, hangedman_vaults_nails, v_misc_4,
          vaults_mumra_hex, nicolae_vaults_offset_grid_hallway_2,
          v_alt_pattern_6, nicolae_vaults_doubleplus_tesselated,
          nicolae_vaults_house_2, ontoclasm_vaults_pinch,
          vaults_dpeg_emergency_exit, vaults_room_hallway,
          nicolae_vaults_surprise_closet, layout_vaults_omnicross, serial_shops,
          shop
Vaults:4: nicolae_vaults_steering_wheel, nicolae_vaults_cornered_office,
          nicolae_vaults_quadrants, v_pattern_2, nicolae_vaults_tetromino_T_2,
          ontoclasm_vaults_twist, nicolae_vaults_asterisk,
          layout_vaults_quadrants, uniq_mara
Vaults:5: uniq_boris
Crypt:1:  hangedman_hall_of_fallen_heroes, layout_chaotic_city,
          small_chamber_with_monster, due_unseen_surprise,
          grunt_crypt_arrival_webbed
Crypt:2:  cheibrodos_crypt_eye_of_stone, layout_gridlike
Crypt:3:  evilmike_haunted_forest, uniq_josephina, uniq_margery
Depths:1: layout_cross, enter_ziggurat_e, serial_rivers,
          chequers_serial_rivers_micro_b, chequers_serial_rivers_small_3,
          chequers_serial_rivers_room_b, chequers_serial_rivers_small_3,
          grunt_hell_entry_dis_grunt, grunt_qazlal_clouds, nicolae_rare_books,
          lemuel_statue_altar, worldfamousw_hep_ancestral_shrine
Depths:2: lemuel_castle_with_subvaults [lemuel_castle_interior_original],
          layout_gridlike, minmay_staircase_bubble, hellmouth_1,
          grunt_pan_entry_spiral
Depths:3: cross_vault, layout_gridlike, hell_entry, abyss_entry,
          nicolae_ru_the_path_less_chosen
Depths:4: grunt_crosshair, layout_basic, abyss_entry, grunt_decor_mini_mirrors,
          hell_entry, elyvilon_altar_4
Hell
Geh:1:    layout_gehenna_lava_caves, door_vault
Geh:2:    layout_gehenna_pools_basic, tekkud_geh_sculpture_garden
Geh:3:    layout_gehenna_lava_caves
Geh:4:    layout_gehenna_pools_basic, nicolae_hells_seeping_fissure
Zot:1:    layout_twisted_circle, ebering_ghost_gozag, st_single_dragon_hoard_3,
          uniq_vv, uniq_grunn
Zot:2:    layout_misc_corridors, regret_index_zotdec_carving_tricks
Zot:3:    layout_misc_corridors, regret_index_zotdec_banners
Zot:4:    layout_onion, regret_index_zotdec_zees
Zot:5:    layout_gridlike, bh_zot_levy_curve, st_stairs_9

Skill      XL: |  1  2  3  4  5  6  7  8  9 10 11 12 13 14 15 16 17 18 19 20 21 22 23 24 25 26 27 |
---------------+----------------------------------------------------------------------------------+-----
Fighting       | 3 4 6 7 8 10 11 12 14 16 17 18 20 24 | 24.0
Short Blades   | 2 3 4 5 6 9 10 22 | 22.7
Stealth        | 3 5 6 8 10 13 15 16 18 20 21 23 24 25 27 | 27.0
Evocations     | 1 3 4 6 7 9 10 11 12 14 16 19 | 19.0
Dodging        | 4 7 8 11 14 15 17 18 20 21 23 25 27 | 27.0
Armour         | 2 3 4 6 10 13 14 15 | 15.0
Long Blades    | 4 9 11 13 | 13.4
Spellcasting   | 4 5 9 |  9.7
Translocations | 4 5 9 |  9.6
Shields        | 2 5 6 10 11 14 | 14.5
Air Magic      | 8 |  8.0
Ranged Weapons | |  5.3

Action                     |  1- 3 |  4- 6 |  7- 9 | 10-12 | 13-15 | 16-18 | 19-21 | 22-24 | 25-27 || total
---------------------------+-------+-------+-------+-------+-------+-------+-------+-------+-------++-------
  Melee: Short sword       |    34 |   225 |   165 |    91 |       |       |       |       |       ||   515
         Dagger            |     4 |       |       |    25 |     5 |     3 |    25 |       |       ||    62
         Punch             |       |     1 |     5 |     6 |    13 |     3 |       |       |       ||    28
         Kick              |       |       |    32 |    92 |       |   176 |   625 |       |       ||   925
         Long sword        |       |       |       |   188 |   795 |  1174 |   985 |   834 |  1934 ||  5910
         Headbutt          |       |       |       |    17 |    15 |       |   211 |       |       ||   243
         Scimitar          |       |       |       |     5 |    18 |       |       |       |       ||    23
         Bite              |       |       |       |       |   113 |   221 |   323 |   235 |   373 ||  1265
         Unarmed           |       |       |       |       |     1 |       |       |       |       ||     1
         Rapier            |       |       |       |       |       |       |   342 |   520 |  1647 ||  2509
         Quick blade       |       |       |       |       |       |       |       |   327 |    18 ||   345
         Peck              |       |       |       |       |       |       |       |   157 |   301 ||   458
         Pseudopods        |       |       |       |       |       |       |       |       |  1130 ||  1130
         Falchion          |       |       |       |       |       |       |       |       |    12 ||    12
   Fire: Shortbow          |    56 |    14 |       |       |       |       |       |       |       ||    70
  Throw: Dart              |       |       |       |     4 |     6 |     2 |       |       |       ||    12
   Cast: Blink             |       |       |       |       |       |       |       |     1 |     3 ||     4
 Invoke: Oozemancy         |       |     1 |     4 |     5 |     4 |     5 |     4 |    11 |     6 ||    40
Ability: Evoke Invisibilit |       |       |       |       |     1 |       |       |       |       ||     1
  Evoke: Wand              |       |       |     2 |       |       |     1 |       |     1 |     5 ||     9
         Phial of floods   |       |       |       |       |       |     1 |     2 |     1 |     3 ||     7
         Condenser vane    |       |       |       |       |       |       |     2 |     1 |     2 ||     5
         Sack of spiders   |       |       |       |       |       |       |     1 |       |     1 ||     2
         Phantom mirror    |       |       |       |       |       |       |       |       |     1 ||     1
    Use: Scroll            |       |     4 |     4 |    14 |     3 |     5 |     7 |    13 |    15 ||    65
         Potion            |       |       |       |     3 |     1 |     1 |     5 |     6 |    27 ||    43
   Stab: Sleeping          |       |    10 |    14 |    20 |    67 |    36 |    41 |    77 |   128 ||   393
         Distracted        |       |       |       |     3 |    10 |    11 |    14 |    31 |    46 ||   115
         Invisible         |       |       |       |     5 |     1 |       |       |       |    14 ||    20
         Confused          |       |       |       |     1 |    19 |     4 |       |       |    29 ||    53
         Petrified         |       |       |       |       |       |       |     3 |       |       ||     3
 Armour: Leather armour    |    26 |    49 |       |       |       |       |       |       |       ||    75
         Ring mail         |       |    39 |    97 |   103 |       |       |   233 |   274 |   570 ||  1316
         Acid dragon scale |       |       |       |    22 |   222 |   286 |   138 |       |       ||   668
         Skin              |       |       |       |       |     1 |       |       |       |       ||     1
  Dodge: Dodged            |    51 |   162 |    68 |   197 |   754 |  1351 |  1596 |  1303 |  3478 ||  8960
  Block: Other             |       |       |       |    15 |       |       |       |       |       ||    15
         Reflection        |       |       |       |     2 |       |       |       |       |       ||     2
         Buckler           |       |       |       |       |       |   514 |   751 |   735 |  2712 ||  4712
